 Dungeon Crawl Stone Soup version 0.30-a0-218-gedb9141078 (webtiles) character file.

Game seed: 15863601398831738882

7171 LnG the Covert (level 11, -3/60 HPs)
             Began as a Kobold Summoner on Oct 5, 2022.
             Was an Elder of Dithmenos.
             Killed from afar by a molten gargoyle (17 damage)
             ... with a bolt of magma
             ... on level 9 of the Dungeon.
             The game lasted 00:29:17 (9407 turns).

LnG the Covert (Kobold Summoner)                    Turns: 9407, Time: 00:29:18

Health: -3/60      AC: 10    Str:  5    XL:     11   Next: 32%
Magic:  19/22      EV: 18    Int: 21    God:    Dithmenos [****..]
Gold:   443        SH:  0    Dex: 16    Spells: 12/25 levels left

rFire   . . .      SeeInvis +    y - +3 dagger (drain)
rCold   . . .      Faith    .    (no shield)
rNeg    + . .      Spirit   .    a - +1 robe
rPois   .          Reflect  .    d - +1 helmet
rElec   .          Harm     .    t - +1 cloak
rCorr   .          Rampage  .    i - +2 pair of gloves
Will    .....                    (no boots)
Stlth   ++++++++++               o - amulet of regeneration
HPRegen 1.10/turn                w - ring of see invisible
MPRegen 0.18/turn                G - ring of positive energy

@: wreathed by umbra
A: small, no large weapons, nightstalker 3
a: Renounce Religion, Shadow Step


You were on level 9 of the Dungeon.
You worshipped Dithmenos.
Dithmenos was greatly pleased with you.
You visited 1 branch of the dungeon, and saw 9 of its levels.

You collected 443 gold pieces.

Inventory:

Hand Weapons
 y - a +3 dagger of draining (weapon)
 E - a +3 dagger
Armour
 a - a +1 robe (worn)
 d - a +1 helmet (worn)
 i - a +2 pair of gloves (worn)
 t - a +1 cloak (worn)
Jewellery
 o - an amulet of regeneration (around neck)
 w - a ring of see invisible (left hand)
 G - a ring of positive energy (right hand)
Wands
 x - a wand of flame (36)
 z - a wand of acid (2)
 B - a wand of roots (13)
Scrolls
 h - a scroll of silence
 m - 3 scrolls of fog
 n - a scroll of torment {unknown}
 p - a scroll of blinking {unknown}
 s - a scroll of poison {unknown}
 u - a scroll of enchant weapon {unknown}
 v - 3 scrolls of immolation {unknown}
 D - 3 scrolls of fear {unknown}
 F - a scroll of brand weapon {unknown}
Potions
 b - 2 potions of magic
 c - 3 potions of attraction
 e - a potion of berserk rage {unknown}
 f - 4 potions of brilliance {unknown}
 g - 3 potions of resistance {unknown}
 j - 4 potions of haste {unknown}
 k - 2 potions of flight {unknown}
 l - 2 potions of heal wounds {unknown}
 q - 2 potions of degeneration {unknown}
 r - a potion of might {unknown}
 A - 3 potions of curing {unknown}
 C - a potion of mutation {unknown}


   Skills:
 + Level 3.9 Fighting
 + Level 6.6 Short Blades
 + Level 7.5 Dodging
 * Level 14.5 Stealth
 + Level 7.5 Spellcasting
 + Level 0.1 Hexes
 + Level 8.1 Summonings
 + Level 0.6 Air Magic


You had 12 spell levels left.
You knew the following spells:

 Your Spells              Type           Power      Damage    Failure   Level
a - Summon Small Mammal   Summ           100%       N/A       1%          1
b - Call Imp              Summ           41%        N/A       1%          2
c - Call Canine Familiar  Summ           41%        N/A       1%          3
d - Summon Guardian Gole  Hex/Summ       25%        N/A       4%          3
e - Summon Lightning Spi  Summ/Air       26%        N/A       14%         4

Your spell library contained the following spells:

 Spells                   Type           Power      Damage    Failure   Level
 Kindle Blastsparks       Fire/Tloc/Air  16%        2d11      22%         3
 Ozocubu's Armour         Ice            7%         N/A       26%         3
 Anguish                  Hex/Necr       4%         N/A       63%         4
 Fulminant Prism          Conj/Hex       4%         3d6       63%         4
 Iskenderun's Mystic Bla  Conj/Tloc      7%         2d4       63%         4
 Lee's Rapid Deconstruct  Erth           3%         3d6*      93%         5
 Enfeeble                 Hex            4%         N/A       100%        7
 Ozocubu's Refrigeration  Ice            3%         4d8       100%        7


Dungeon Overview and Level Annotations

Branches:
Dungeon (9/15)             Temple (0/1) D:7             Orc (0/2) D:9
   Lair: D:8-11

Altars:
Dithmenos
Zin

Annotations:
D:3 2 transporters, SirDiesAlot's ghost, amateur MiGl
D:5 Grinder


Innate Abilities, Weirdness & Mutations

You are small and have problems with some larger weapons.
You are completely attuned to the shadows.


Message History

Your lightning spire is destroyed!
Your lightning spire disappears in a puff of smoke!
You barely miss the molten gargoyle.
The molten gargoyle is severely damaged.
The molten gargoyle hits you with a +1 morningstar of protection!
You are engulfed in flames!
Casting: Call Imp (safe; 1% risk of failure)
Confirm with . or Enter, or press ? or * to list all spells.
An electric hum fills the air.
Your shadow imp hits the molten gargoyle.
The molten gargoyle hits your shadow imp with a +1 morningstar of protection!
Your shadow imp dies!
Your shadow imp disappears in a puff of smoke!
You closely miss the molten gargoyle.
The molten gargoyle is almost destroyed.
Unknown command.
You hit the molten gargoyle but do no damage.
The molten gargoyle is almost destroyed.
The molten gargoyle closely misses you.
You hit the molten gargoyle but do no damage.
The molten gargoyle is almost destroyed.
The molten gargoyle blasts magma at you!
The bolt of magma hits you!!
* * * LOW HITPOINT WARNING * * *
You emit a cloud of dark smoke.
You hit the molten gargoyle but do no damage.
The molten gargoyle is severely damaged.
Unknown command.
Casting: Summon Lightning Spire (dangerous; 14% risk of failure)
Confirm with . or Enter, or press ? or * to list all spells.
You don't have enough magic to cast this spell.
Magic courses through your body. The molten gargoyle misses you.
Casting: Summon Lightning Spire (dangerous; 14% risk of failure)
Confirm with . or Enter, or press ? or * to list all spells.
The molten gargoyle blasts magma at you!
The bolt of magma hits you!
* * * LOW HITPOINT WARNING * * *
The molten gargoyle blasts magma at you!
The bolt of magma hits you!
You die...

#####################
.....)..............#
.........#########..#
######...# #..# #...#
#..#
######...#########..#
..8..........8§§@h..#
.............§9§§...#
##################..#
#..#
##################..#
....................#
...............<....#
#####...............#
#####...............#


You could see a molten gargoyle (ally target) and a friendly hound (summoned).

Vanquished Creatures
  Pikel (D:5)
  Psyche (D:8)
  2 wyverns
  A wraith (D:9)
  2 steam dragons
  A water moccasin (D:6)
  5 orc warriors
  An ice beast (D:7)
  4 ogres
  A centaur (D:7)
  2 lemures (D:4)
  2 kobold brigands (D:8)
  A gnoll sergeant (D:8)
  4 bullfrogs
  A necrophage (D:6)
  2 scorpions
  4 killer bees (D:8)
  2 howler monkeys (D:5)
  3 hounds
  7 orc priests
  A jelly (D:6)
  A gnoll bouda (D:5)
  12 orc wizards
  7 gnolls
  4 adders
  2 shadow imps
  A white imp (D:7)
  An ufetubus (D:6)
  A dart slug (D:1)
  14 orcs
  4 endoplasms
  A giant cockroach (D:1)
  5 goblins
  4 hobgoblins
  4 jackals (D:2)
  3 quokkas
  4 ball pythons
  A bat (D:3)
  3 frilled lizards
  12 kobolds
  2 rats (D:1)
134 creatures vanquished.

Vanquished Creatures (collateral kills)
  2 two-headed ogres
  A molten gargoyle (D:9)
  Maggie (D:7)
  2 ice beasts
  An orc warrior (D:9)
  2 ogres
  A centaur (D:6)
  A lemure (D:4)
  A phantom (D:5)
  A kobold brigand (D:8)
  A scorpion (D:5)
  4 killer bees (D:8)
  3 hounds (D:6)
  An orc wizard (D:8)
  A nameless horror (D:4)
  5 gnolls
  An adder (D:2)
  A worm (D:4)
  9 orcs
  A ball python (D:1)
  6 endoplasms
  2 giant cockroaches (D:2)
  A goblin (D:1)
  A hobgoblin (D:2)
  4 jackals (D:2)
  10 kobolds
  2 quokkas
  A bat (D:1)
  A frilled lizard (D:1)
  A rat (D:2)
69 creatures vanquished.

Vanquished Creatures (others)
  An orc warrior (D:6)
  9 plants (D:3)
10 creatures vanquished.

Grand Total: 213 creatures vanquished

Notes
Turn   | Place    | Note
-------+----------+-------------------------------------------
     0 | D:1      | LnG the Kobold Summoner began the quest for the Orb.
     0 | D:1      | Reached XP level 1. HP: 10/10 MP: 3/3
   323 | D:1      | Reached XP level 2. HP: 15/15 MP: 5/5
   326 | D:1      | Learned a level 2 spell: Call Imp
   569 | D:1      | Found a faded altar of an unknown god.
   582 | D:1      | You fall into a shaft and drop 1 floor!
  1146 | D:2      | Reached XP level 3. HP: 20/20 MP: 6/6
  1148 | D:2      | Reached skill level 3 in Stealth
  1152 | D:2      | Learned a level 3 spell: Call Canine Familiar
  1208 | D:2      | Found a shadowy altar of Dithmenos.
  1231 | D:2      | Became a worshipper of Dithmenos the Shadowed
  1458 | D:2      | Reached XP level 4. HP: 24/24 MP: 4/7
  1459 | D:2      | Reached skill level 4 in Stealth
  1972 | D:3      | Reached * piety under Dithmenos
  1973 | D:3      | Reached skill level 1 in Short Blades
  2426 | D:3      | Found a transporter.
  2427 | D:3      | Found a transporter.
  2778 | D:3      | Noticed SirDiesAlot's ghost (amateur MiGl)
  2802 | D:3      | Identified the +6 halberd "Orb Guardian's Curse" {vamp,
                  | rElec}
  2904 | D:4      | Reached XP level 5. HP: 28/28 MP: 5/8
  2915 | D:4      | Learned a level 3 spell: Summon Guardian Golem
  3114 | D:4      | Noticed an ogre
  3125 | D:4      | Killed an ogre
  3126 | D:4      | Reached skill level 1 in Fighting
  3126 | D:4      | Reached skill level 5 in Stealth
  3126 | D:4      | Reached XP level 6. HP: 34/34 MP: 7/10
  3220 | D:4      | Noticed an ogre
  3235 | D:4      | Killed an ogre
  3236 | D:4      | Reached skill level 6 in Stealth
  4023 | D:5      | Entered Level 5 of the Dungeon
  4036 | D:5      | Noticed Grinder
  4083 | D:5      | Reached skill level 5 in Summonings
  4083 | D:5      | Reached XP level 7. HP: 38/38 MP: 11/11
  4087 | D:5      | Reached skill level 7 in Stealth
  4088 | D:5      | Noticed Pikel
  4387 | D:5      | Killed Pikel
  4388 | D:5      | Reached skill level 8 in Stealth
  4388 | D:5      | Reached XP level 8. HP: 36/44 MP: 2/14
  4758 | D:5      | Reached ** piety under Dithmenos
  4759 | D:5      | Reached skill level 9 in Stealth
  4893 | D:5      | Reached XP level 9. HP: 49/49 MP: 2/16
  5391 | D:6      | Reached skill level 5 in Spellcasting
  5535 | D:6      | Learned a level 4 spell: Summon Lightning Spire
  5599 | D:6      | Reached skill level 5 in Dodging
  5642 | D:6      | Reached skill level 10 in Stealth
  6057 | D:6      | Reached skill level 5 in Short Blades
  6144 | D:6      | Reached skill level 11 in Stealth
  6505 | D:7      | Found a staircase to the Ecumenical Temple.
  6710 | D:7      | Reached XP level 10. HP: 56/56 MP: 18/18
  6819 | D:7      | Noticed Maggie
  6841 | D:7      | Killed Maggie
  6842 | D:7      | Reached skill level 12 in Stealth
  7418 | D:8      | Noticed a two-headed ogre
  7434 | D:8      | Killed a two-headed ogre
  7530 | D:8      | Reached *** piety under Dithmenos
  7594 | D:8      | Noticed Psyche
  7618 | D:8      | Killed Psyche
  7619 | D:8      | Reached skill level 13 in Stealth
  8177 | D:8      | Found a glowing silver altar of Zin.
  8519 | D:9      | Noticed a two-headed ogre
  8530 | D:9      | Killed a two-headed ogre
  8531 | D:9      | Reached XP level 11. HP: 40/60 MP: 14/21
  8846 | D:9      | Reached **** piety under Dithmenos
  8875 | D:9      | Reached skill level 14 in Stealth
  8931 | D:9      | Found a staircase to the Orcish Mines.
  9407 | D:9      | Killed from afar by a molten gargoyle

Illustrated notes

Levels and vault maps discovered:
D:1:      dpeg_arrival_round_a, layout_basic, ebering_ecumenical_altar_mist,
          minmay_misc_feat_tower
D:2:      layout_basic, basic_altar, minmay_tromino_v2
D:3:      layout_loops_ring, gammafunk_ghost_gnarly_gnolls, serial_bayou,
          serial_bayou_pond_e, serial_bayou_pond_d, serial_bayou_shore_b,
          serial_bayou_lagoon_a, serial_bayou_pond_b, serial_bayou_ford_a
D:4:      minmay_chambers_of_fours, layout_basic, dreamdust_wishing_well,
          kennysheep_generic_room_4
D:5:      layout_rooms, uniq_grinder, uniq_pikel
D:6:      layout_cave_pods, minmay_fractal_squares_gapless_5
D:7:      layout_loops_cross, minmay_temple_entry_hall, uniq_maggie
D:8:      minmay_flawed_box, layout_cave_pools, lemuel_crystal_altar,
          uniq_psyche
D:9:      layout_long_grid, erik_orc_2, minivault_8

Skill      XL: |  1  2  3  4  5  6  7  8  9 10 11 |
---------------+----------------------------------+-----
Stealth        | 3 4 5 6 8 9 11 13 14 | 14.5
Short Blades   | 1 2 3 4 5 6 |  6.6
Fighting       | 1 2 3 |  3.9
Dodging        | 3 4 5 6 7 |  7.5
Spellcasting   | 3 4 5 7 |  7.5
Summonings     | 5 6 7 8 |  8.1
Hexes          | |  0.1
Air Magic      | |  0.6

Action                   |  1- 3 |  4- 6 |  7- 9 | 10-12 || total
-------------------------+-------+-------+-------+-------++-------
Melee: Unarmed           |     4 |       |       |       ||     4
       Dagger            |    77 |    98 |   284 |   241 ||   700
       Short sword       |     2 |       |       |       ||     2
       Punch             |       |       |     7 |     4 ||    11
 Cast: Summon Small Mamm |    10 |       |       |     5 ||    15
       Call Imp          |     5 |     7 |    13 |     8 ||    33
       Call Canine Famil |     2 |     5 |    27 |    22 ||    56
       Summon Guardian G |       |       |     2 |       ||     2
       Summon Lightning  |       |       |       |    13 ||    13
  Use: Scroll            |     1 |     4 |     4 |     1 ||    10
       Potion            |       |       |     1 |     1 ||     2
 Stab: Sleeping          |    11 |    16 |    20 |    17 ||    64
       Distracted        |     1 |     1 |     4 |     2 ||     8
Armor: Robe              |     8 |    20 |    41 |    53 ||   122
Dodge: Dodged            |    63 |    69 |   208 |   243 ||   583

Table legend: (Time is in decaauts)
 A = Elapsed time spent in this place.
 B = Non-inter-level travel time spent in this place.
 C = Inter-level travel time spent in this place.
 D = Time resting spent in this place.
 E = Time spent auto-exploring this place.
 F = Levels seen in this place.
 G = Mean time per level.
                   A        B        C        D        E       F      G
               +--------+--------+--------+--------+--------+-----+--------+
         Total |   9315 |   9129 |    186 |    942 |   5334 |   9 | 1035.0 |
       Dungeon |   9315 |   9129 |    186 |    942 |   5334 |   9 | 1035.0 |
               +--------+--------+--------+--------+--------+-----+--------+

Top non-repeatable levels by time:
     D:4: 1415 daAuts
     D:6: 1303 daAuts
     D:1: 1137 daAuts
     D:3: 1010 daAuts
     D:9: 988 daAuts
     D:8: 974 daAuts
     D:7: 910 daAuts
     D:5: 830 daAuts
     D:2: 743 daAuts
